 Dungeon Crawl Stone Soup version 0.31-a0-246-g8cbcc1cb85 (webtiles) character file.

Game seed: 135589231546124383

136 qw the Shooter (level 4, -3/36 HPs)
             Began as a Minotaur Hexslinger on July 12, 2023.
             Succumbed to a water moccasin's poison
             ... on level 3 of the Dungeon.
             The game lasted 00:01:00 (1608 turns).

qw the Shooter (Minotaur Hexslinger)                Turns: 1608, Time: 00:01:00

Health: -3/36      AC:  7    Str: 13    XL:     4   Next: 98%
Magic:  4/4        EV: 11    Int: 10    God:
Gold:   48         SH:  0    Dex: 14    Spells: 4/5 levels left

rFire   . . .        Y - +1 sling
rCold   . . .        (no shield)
rNeg    . . .        e - +0 ring mail
rPois   .            (helmet restricted)
rElec   .            (no cloak)
rCorr   .            b - +1 pair of gloves
SInv    .            (no boots)
Will    .....        (no amulet)
Stlth   +            (no ring)
HPRegen 0.26/turn    (no ring)
MPRegen 0.09/turn

%: no passive effects
@: lethally poisoned (-3 -> -17)
A: horns 2, retaliatory headbutt
a: no special abilities


You were on level 3 of the Dungeon.
You visited 1 branch of the dungeon, and saw 3 of its levels.

You collected 90 gold pieces.
You spent 42 gold pieces at shops.


Innate Abilities, Weirdness & Mutations

You have a pair of horns on your head.
You reflexively headbutt those who attack you in melee.


   Skills:
 + Level 2.0 Fighting
 - Level 5.4 Ranged Weapons
 - Level 1.0 Armour
 - Level 2.1 Dodging
 - Level 1.0 Spellcasting
 - Level 2.0 Hexes


You had 4 spell levels left.
You knew the following spells:

 Your Spells              Type           Power      Damage    Failure   Level
a - Slow                  Hex            16%        N/A       32%         1

Your spell library contained the following spells:

 Spells                   Type           Power      Damage    Failure   Level
 Inner Flame              Hex/Fire       2%         N/A       82%         3
 Portal Projectile        Hex/Tloc       4%         N/A       82%         3
 Cause Fear               Hex            2%         N/A       97%         4

Inventory:

Hand Weapons
 Y - a +1 sling (weapon)
Armour
 b - a +1 pair of gloves (worn)
 e - a +0 ring mail (worn)
Potions
 a - a potion of berserk rage {unknown}
 c - 2 potions of curing
 d - a potion of brilliance {unknown}
 g - a potion of might {unknown}

Dungeon Overview and Level Annotations

Branches:
Dungeon (3/15)

Altars:
Elyvilon

Shops:
D:2 **=


Message History

The sling bullet hits the water moccasin.
The water moccasin is moderately wounded.
The water moccasin bites you but does no damage. x2
You shoot a sling bullet.
The sling bullet hits the water moccasin.
The water moccasin is moderately wounded.
The water moccasin bites you but does no damage.
You shoot a sling bullet.
The sling bullet hits the water moccasin.
The water moccasin is heavily wounded.
The water moccasin bites you. x2
You shoot a sling bullet.
The sling bullet misses the water moccasin.
The water moccasin bites you!
The water moccasin bites you but does no damage.
You shoot a sling bullet.
The sling bullet misses the water moccasin.
The water moccasin bites you.
You are poisoned.
The water moccasin poisons you!
You shoot a sling bullet.
The sling bullet hits the water moccasin.
The water moccasin is severely wounded.
You feel very sick.
The water moccasin bites you but does no damage. x2
You shoot a sling bullet.
The sling bullet hits the water moccasin.
The water moccasin is almost dead.
You feel sick. The water moccasin bites you. x2
You are more poisoned.
The water moccasin poisons you!
You shoot a sling bullet.
The sling bullet hits the water moccasin but does no damage.
The water moccasin is almost dead.
You feel very sick. The water moccasin barely misses you.
You shoot a sling bullet.
The sling bullet hits the water moccasin!
You kill the water moccasin!
You die...

#......7~~~~PP7~~~~
#.....PP~P~7~~~~~~~
#.....77P7P~~~~~~~~
#.....~7PP~%~~~~~~~
#......7~~~P~P~~~~~
#.......77~~~7~~~~~
#.......#~~~P~~~P~~
####.....#.7~77~~~P
###.#@#.#7~~ 77~
#.#%#.# ### #......
###.#.. #.#.# #.# #
... ..#


There were no monsters in sight!

Vanquished Creatures
  A water moccasin (D:3)
  A scorpion (D:3)
  2 adders
  A worm (D:2)
  A dart slug (D:2)
  4 ball pythons
  5 endoplasms
  A giant cockroach (D:1)
  5 goblins
  5 hobgoblins
  4 jackals (D:2)
  3 quokkas (D:1)
  4 bats
  3 frilled lizards (D:2)
  4 kobolds
  8 rats
52 creatures vanquished.

Notes
Turn   | Place    | Note
-------+----------+-------------------------------------------
     0 | D:1      | qw the Minotaur Hexslinger began the quest for the Orb.
     0 | D:1      | Reached XP level 1. HP: 16/16 MP: 1/1
     0 | D:1      | 0 ||| qw: Version: 0.3-a-52-g30416fa
     0 | D:1      | 0 ||| qw: Game counter: 6395
     0 | D:1      | 0 ||| qw: Melee chars always use a shield: true
     0 | D:1      | 0 ||| qw: God list: Okawaru
     0 | D:1      | 0 ||| qw: Allow faded altars: false
     0 | D:1      | 0 ||| qw: Do Orc after clearing Dungeon:15 true
     0 | D:1      | 0 ||| qw: Do second Lair branch before Depths: true
     0 | D:1      | 0 ||| qw: Lair rune preference: random
     0 | D:1      | 0 ||| qw: Goals: Normal
     0 | D:1      | 0 ||| PLANNING D:1-11
    45 | D:1      | 45 ||| READING scroll labelled UTAZEROPHOE.
    46 | D:1      | 46 ||| DROPPING scroll of poison.
   197 | D:1      | Reached skill level 3 in Ranged Weapons
   209 | D:1      | Reached XP level 2. HP: 20/23 MP: 2/2
   352 | D:1      | 352 ||| UPGRADING to +0 pair of gloves.
   483 | D:1      | 483 ||| READING scroll labelled BUACSO NASAM.
   607 | D:1      | 607 ||| UPGRADING to +0 ring mail.
   617 | D:1      | 617 ||| DROPPING +0 robe.
   933 | D:1      | Reached XP level 3. HP: 26/29 MP: 3/3
  1027 | D:2      | Found Miry's General Store.
  1031 | D:2      | 1031 ||| READING scroll of enchant armour.
  1031 | D:2      | 1031 ||| ENCHANTING +0 pair of gloves.
  1037 | D:2      | 1037 ||| SHOPLISTING +5 ring of evasion (504 gold, have
                  | 44).
  1037 | D:2      | 1037 ||| SHOPLISTING potion of cancellation (112 gold, have
                  | 44).
  1037 | D:2      | 1037 ||| BUYING potion of curing (42 gold).
  1037 | D:2      | Bought a potion of curing for 42 gold pieces
  1037 | D:2      | 1037 ||| SHOPLISTING potion of might (56 gold, have 2).
  1037 | D:2      | 1037 ||| SHOPLISTING ring "Ukkou" {rF+ Dex+4} (565 gold,
                  | have 2).
  1052 | D:2      | Found Tifasewn's Jewellery Shoppe.
  1062 | D:2      | 1062 ||| SHOPLISTING +4 ring of slaying (936 gold, have 2).
  1062 | D:2      | 1062 ||| SHOPLISTING ring of fire (300 gold, have 2).
  1062 | D:2      | 1062 ||| SHOPLISTING ring of poison resistance (240 gold,
                  | have 2).
  1062 | D:2      | 1062 ||| SHOPLISTING ring of protection from fire (300
                  | gold, have 2).
  1062 | D:2      | 1062 ||| SHOPLISTING ring of willpower (300 gold, have 2).
  1084 | D:2      | Reached skill level 4 in Ranged Weapons
  1151 | D:2      | Reached skill level 1 in Armour
  1153 | D:2      | Found a white marble altar of Elyvilon.
  1406 | D:2      | Found Osoahi's General Store.
  1412 | D:2      | 1412 ||| SHOPLISTING potion of curing (42 gold, have 26).
  1412 | D:2      | 1412 ||| SHOPLISTING potion of mutation (112 gold, have
                  | 26).
  1412 | D:2      | 1412 ||| SHOPLISTING scroll of identify (28 gold, have 26).
  1431 | D:2      | Reached XP level 4. HP: 36/36 MP: 4/4
  1470 | D:2      | 1470 ||| READING scroll labelled KEDER XEOFUAM.
  1488 | D:3      | Noticed a scorpion
  1503 | D:3      | Killed a scorpion
  1504 | D:3      | Reached skill level 5 in Ranged Weapons
  1596 | D:3      | Noticed a water moccasin
  1606 | D:3      | HP: 9/36 [poisoned by a water moccasin]
  1607 | D:3      | HP: 1/36 [poisoned by a water moccasin]
  1608 | D:3      | Killed a water moccasin
  1608 | D:3      | Succumbed to a water moccasin's poison

Levels and vault maps discovered:
D:1:      lightli_arrival_noodles, layout_basic, serial_co_window_serial,
          co_window_paths_a, co_window_corner_a, co_window_of_opportunity_a,
          co_window_paths_b, co_window_paths_a, co_window_cross_2,
          co_window_broadway_b, co_window_of_opportunity_b,
          co_window_broadway_a, co_window_corner_ca, co_window_sun,
          glass_columns_b, glass_columns_b, hangedman_glass_garden
D:2:      layout_rooms, serial_shops, shop_statue, nicolae_shop_back_alley_shop,
          nicolae_square_shop, basic_altar
D:3:      layout_basic, nicolae_overflow_crystal_walls, serial_bayou_lake_a

Skill      XL: |  1  2  3  4 |
---------------+-------------+-----
Ranged Weapons | 3 4 5 |  5.4
Fighting       | 2 |  2.0
Armour         | 1 |  1.0
Dodging        | |  2.1
Spellcasting   | |  1.0
Hexes          | |  2.0

Action                     |  1- 3 |  4- 6 || total
---------------------------+-------+-------++-------
   Fire: Sling             |   145 |    28 ||   173
    Use: Scroll            |     3 |     1 ||     4
 Armour: Robe              |     8 |       ||     8
         Ring mail         |    15 |    13 ||    28
  Dodge: Dodged            |    35 |     9 ||    44

Table legend:
 A = Non-vault XP
 B = Vault XP
 C = Vault XP percentage of total XP
 D = Non-vault monster count
 E = Vault monster count
 F = Vault count percentage of total count
                 A         B        C        D         E       F
            +---------+---------+-------+---------+---------+-------
      Total |     335 |       0 |   0.0 |      52 |       0 |   0.0
            +---------+---------+-------+---------+---------+-------
        D:1 |      44 |       0 |   0.0 |      26 |       0 |   0.0
        D:2 |      54 |       0 |   0.0 |      23 |       0 |   0.0
        D:3 |     237 |       0 |   0.0 |       3 |       0 |   0.0
            +---------+---------+-------+---------+---------+-------
